 Dungeon Crawl Stone Soup version 0.20-a0-1086-g4bd2f5b (webtiles) character file.

9598 FastMan the Severer (level 11, -14/102 HPs)
             Began as a Minotaur Berserker on May 1, 2017.
             Was an Elder of Trog.
             Demolished by a komodo dragon (20 damage)
             ... on level 11 of the Dungeon.
             The game lasted 00:07:36 (9535 turns).

FastMan the Severer (Minotaur Berserker)            Turns: 9535, Time: 00:07:36

Health: -14/102    AC: 13    Str: 23    XL:     11   Next: 25%
Magic:  10/10      EV: 11    Int:  4    God:    Trog [****..]
Gold:   555        SH:  0    Dex: 12    Spells: 10/10 levels left

rFire    . . .     SeeInvis .   c - +0 broad axe
rCold    . . .     Gourm    +   (no shield)
rNeg     . . .     Faith    .   r - +0 plate armour
rPois    .         Spirit   .   (helmet restricted)
rElec    .         Reflect  .   l - -2 cloak (curse)
rCorr    +         Harm     .   (no gloves)
MR       .....                  (no boots)
Stlth    ..........             b - amulet of the gourmand
Regen    0.3/turn               f - +3 ring of evasion
MPRegen  0.2/turn               y - ring of resist corrosion

@: slowed, very slow
A: retaliatory headbutt, horns 2
a: Berserk, Trog's Hand, Brothers in Arms, Burn Spellbooks, Renounce Religion


You were on level 11 of the Dungeon.
You worshipped Trog.
Trog was greatly pleased with you.
You were near starving.

You visited 1 branch of the dungeon, and saw 11 of its levels.

You collected 555 gold pieces.

Inventory:

Hand Weapons
 a - a +0 hand axe
 c - a +0 broad axe (weapon)
Armour
 l - a cursed -2 cloak (worn)
 r - a +0 plate armour (worn)
Jewellery
 b - an amulet of the gourmand (around neck)
 f - a +3 ring of evasion (left hand)
 y - a ring of resist corrosion (right hand)
Scrolls
 e - 4 scrolls of remove curse {@r2}
 i - a scroll of holy word {unknown}
 u - a scroll of vulnerability {unknown}
 v - a scroll of random uselessness {unknown}
 A - a scroll of recharging
 C - a scroll of fear {unknown}
Potions
 d - 2 potions of magic
 g - 2 potions of flight
 j - 2 potions of heal wounds {@q2}
 k - 2 potions of ambrosia {unknown}
 m - 3 potions of brilliance {@q6}
 n - 3 potions of lignification {unknown}
 o - 3 potions of might {@q4}
 p - 2 potions of mutation
 q - a potion of berserk rage {unknown}
 z - a potion of agility {@q5}
Comestibles
 h - 5 meat rations {@e2}
 s - 5 fruits {@e4}
 t - 15 royal jellies {@e3}
 w - a bread ration {@e1}


   Skills:
 + Level 11.4 Fighting
 * Level 15.2 Axes
 + Level 9.3 Armour
 - Level 2.1 Dodging


You had 10 spell levels left.
You didn't know any spells.

Dungeon Overview and Level Annotations

Branches:
Dungeon (11/15)            Temple (0/1) D:5             Orc (0/2) D:11
   Lair: D:8-11

Altars:
Ashenzari
Cheibriados
Dithmenos
Fedhas
Nemelex Xobeh
Qazlal
Trog
Vehumet

Shops:
D:4 %   D:8 *


Innate Abilities, Weirdness & Mutations

You reflexively headbutt those who attack you in melee.
You have a pair of horns on your head.


Message History

You closely miss the komodo dragon. You slash the two-headed ogre!
The two-headed ogre hits you with a giant club!
* * * LOW HITPOINT WARNING * * *
The two-headed ogre closely misses you.
Unknown command.
You slice the two-headed ogre!! You headbutt the two-headed ogre!
You feel the power of Trog in you as your rage grows.
You kill the two-headed ogre!
Trog accepts your kill.
You slash the komodo dragon! The komodo dragon barely misses you.
Found 5 gold pieces.
There is a staircase to the Orcish Mines, spattered with blood here.
Things that are here:
a giant club x2
You feel a strong urge to attack something.
Unknown command.
You are no longer berserk.
You are exhausted.
You feel yourself slow down. The komodo dragon bites you!!
You die...

#........ ####........
.......... ........
####.....####
#.....8.....#..
..#...$.......#.. ##
................. .
...8...@>....8..#
.$......l......# ####
..#......(....## #...
. #.....8....$# ....
####..)).#### #.#
......)...# ##.#
.........####### #...
...............####.##
................##..#.


You could see a komodo dragon.

Vanquished Creatures
  3 two-headed ogres
  Joseph (D:8)
  A cyclops (D:11)
  Psyche (D:8)
  A queen bee (D:10)
  2 polar bears (D:10)
  Sigmund (D:3)
  2 yaks (D:10)
  A wraith (D:9)
  A wyvern (D:10)
  2 hungry ghosts
  Edmund (D:6)
  Duvessa (D:7)
  A sky beast (D:9)
  3 orc warriors
  5 ice beasts
  2 black bears
  3 ogres
  A phantom (D:6)
  A centaur (D:10)
  4 bullfrogs
  A water moccasin zombie (D:7)
  Dowan (D:7)
  2 scorpions
  28 killer bees (D:10)
  2 electric eels (D:10)
  6 howler monkeys
  5 wights (D:9)
  4 crimson imps
  A centaur zombie (D:6)
  5 hounds
  A jelly (D:6)
  A water moccasin simulacrum (D:10)
  6 orc priests
  A gnoll shaman (D:5)
  3 orc wizards
  2 centaur skeletons
  An iguana (D:10)
  7 worker ants
  A killer bee zombie (D:8)
  A bullfrog simulacrum (D:10)
  A hound skeleton (D:11)
  8 gnolls
  A howler monkey skeleton (D:9)
  9 adders
  3 white imps (D:10)
  An adder zombie (D:7)
  3 adder skeletons
  4 worms
  4 dart slugs (D:1)
  9 leopard geckos
  27 orcs
  2 giant cockroaches
  7 goblins
  6 hobgoblins
  2 jackals (D:4)
  2 quokkas
  4 ball pythons (D:11)
  5 bats
  5 frilled lizards
  A jackal skeleton (D:5)
  7 kobolds
  A quokka skeleton (D:4)
  5 rats
234 creatures vanquished.

Vanquished Creatures (collateral kills)
  A worker ant (D:10)
  A hound simulacrum (D:10)
2 creatures vanquished.

Vanquished Creatures (others)
  2 plants (D:11)
2 creatures vanquished.

Grand Total: 238 creatures vanquished

Notes
Turn   | Place    | Note
-------+----------+-------------------------------------------
     0 | D:1      | FastMan the Minotaur Berserker began the quest for the Orb.
     0 | D:1      | Reached XP level 1. HP: 19/19 MP: 0/0
   479 | D:1      | Reached skill level 4 in Axes
   479 | D:1      | Reached XP level 2. HP: 25/27 MP: 1/1
  1050 | D:1      | Reached XP level 3. HP: 26/33 MP: 2/2
  1212 | D:2      | Found a shattered altar of Ashenzari.
  1300 | D:2      | Found a sparkling altar of Nemelex Xobeh.
  1483 | D:2      | Reached ** piety under Trog
  1519 | D:3      | Reached skill level 5 in Axes
  1662 | D:3      | Noticed Sigmund
  1673 | D:3      | Killed Sigmund
  1673 | D:3      | Reached skill level 5 in Fighting
  1673 | D:3      | Reached skill level 6 in Axes
  1673 | D:3      | Reached XP level 4. HP: 31/42 MP: 3/3
  1673 | D:3      | Reached XP level 5. HP: 35/48 MP: 4/4
  1698 | D:3      | Found a shadowy altar of Dithmenos.
  1965 | D:3      | Reached skill level 7 in Axes
  2101 | D:3      | Reached XP level 6. HP: 47/56 MP: 5/5
  2676 | D:4      | Found Neteoraj's Food Boutique.
  2725 | D:4      | Reached skill level 8 in Axes
  2787 | D:4      | Reached XP level 7. HP: 59/63 MP: 6/6
  2989 | D:5      | Entered Level 5 of the Dungeon
  3135 | D:5      | Found a staircase to the Ecumenical Temple.
  3175 | D:5      | Found a snail-covered altar of Cheibriados.
  3199 | D:5      | Reached *** piety under Trog
  3324 | D:5      | Reached skill level 9 in Axes
  3773 | D:6      | Noticed Edmund
  3785 | D:6      | Killed Edmund
  4061 | D:6      | Reached XP level 8. HP: 73/73 MP: 7/7
  4137 | D:6      | Reached skill level 10 in Axes
  4534 | D:7      | Found a blossoming altar of Fedhas.
  4683 | D:7      | Noticed Duvessa
  4684 | D:7      | Noticed Dowan
  4688 | D:7      | Reached skill level 11 in Axes
  4693 | D:7      | Killed Duvessa
  4701 | D:7      | Killed Dowan
  4791 | D:8      | Noticed a two-headed ogre
  4822 | D:8      | Killed a two-headed ogre
  4822 | D:8      | Reached skill level 12 in Axes
  4822 | D:8      | Reached skill level 5 in Armour
  4822 | D:8      | Reached XP level 9. HP: 67/82 MP: 8/8
  4893 | D:8      | Found a stormy altar of Qazlal.
  4903 | D:8      | Noticed Psyche
  4917 | D:8      | Killed Psyche
  5494 | D:8      | Found Hamirgh's General Store.
  5833 | D:8      | Noticed Joseph
  5848 | D:8      | Killed Joseph
  5848 | D:8      | Reached skill level 13 in Axes
  5907 | D:8      | Found a radiant altar of Vehumet.
  6138 | D:9      | Reached **** piety under Trog
  6373 | D:9      | Reached XP level 10. HP: 87/92 MP: 9/9
  6383 | D:9      | Noticed a two-headed ogre
  6392 | D:9      | Killed a two-headed ogre
  7208 | D:9      | Reached skill level 10 in Fighting
  7289 | D:10     | Entered Level 10 of the Dungeon
  7395 | D:9      | Reached skill level 14 in Axes
  7774 | D:10     | Received a gift from Trog
  8843 | D:10     | Found a bloodstained altar of Trog.
  8951 | D:10     | Reached XP level 11. HP: 53/102 MP: 10/10
  9315 | D:10     | Noticed a sphinx
  9321 | D:10     | Noticed a centaur warrior
  9513 | D:11     | Found a staircase to the Orcish Mines.
  9524 | D:11     | Noticed a two-headed ogre
  9527 | D:11     | Reached skill level 15 in Axes
  9532 | D:11     | Killed a two-headed ogre
  9535 | D:11     | Demolished by a komodo dragon

Vault maps used:
D:1:      dpeg_cavernosity
D:2:      lemuel_doored_altar, amethyst_overflow_temple_binary,
          minmay_misc_feat_plants, nicolae_ashenzari_panopticon
D:3:      gup_sewer_entry_spiral, chequers_ecumenical_altar_lobes,
          nicolae_dithmenos_shadow_blocks, uniq_sigmund, uniq_ijyb
D:4:      serial_shops, shop_fountains, first_bread
D:5:      overflow_temple_1_default, minmay_temple_entry_metal_lava
D:6:      uniq_edmund
D:7:      grunt_temple_overflow_holy_war, lemuel_crystal_altar, the_bakery,
          uniq_duvessa
D:8:      nicolae_qazlal_style_of_elements, lemuel_crystal_altar, serial_shops,
          shop, uniq_psyche, uniq_joseph
D:9:      minmay_door_square
D:10:     erik_lair_dragon, serial_ice, serial_ice_j, serial_ice_h,
          serial_ice_a, serial_ice_e, basic_altar, special_room,
          onia_ninara_dug_in_and_dangerous
D:11:     minmay_distorted_concentric_squares, david_orc_2,
          introduction_to_nature_2

Skill      XL: |  1  2  3  4  5  6  7  8  9 10 11 |
---------------+----------------------------------+-----
Axes           | 4 6 7 8 9 12 13 14 15 | 15.2
Fighting       | 4 5 6 7 8 9 11 | 11.4
Armour         | 5 6 8 9 |  9.3
Dodging        | |  2.1

Action                   |  1- 3 |  4- 6 |  7- 9 | 10-12 || total
-------------------------+-------+-------+-------+-------++-------
Melee: Hand axe          |    82 |    83 |    81 |       ||   246
       Headbutt          |    15 |    18 |    67 |    34 ||   134
       Broad axe         |       |       |   169 |   181 ||   350
Invok: Berserk           |     2 |     3 |     4 |     6 ||    15
       Trog's Hand       |       |     1 |     1 |       ||     2
       Brothers in Arms  |       |       |       |     2 ||     2
       Burn Spellbooks   |       |       |       |     1 ||     1
  Use: Scroll            |       |       |     6 |     9 ||    15
       Potion            |       |       |       |     3 ||     3
  Eat: Chunk             |     3 |     8 |     6 |    10 ||    27
       Bread ration      |       |       |     1 |     2 ||     3
       Meat ration       |       |       |     1 |     1 ||     2
Armor: Animal skin       |    10 |     2 |       |       ||    12
       Plate armour      |       |    17 |   103 |   125 ||   245
Dodge: Dodged            |    55 |    31 |   116 |   143 ||   345
